Map: Triton LE

Players

Ratl

  • Race: Zerg Zerg
  • Spawn Location: 11:00

VOD

Have the link to the VOD?

Description

Time

  • Played on: Nov. 6, 2019, 1:27 p.m.
  • Length: 11:27
Show
View Real Time Build Order
Export as new Build Order

Ratl Zerg 

Build Orders:  

Get SALT Encoding   

  12  0:03  Drone  
  13  0:22  Overlord  
  13  0:32  Drone  
  14  0:47  Drone  
  14  0:48  Drone  
  16  1:01  Spawning Pool  
  16  1:06  Drone  
  16  1:10  Drone  
  16  1:16  Extractor  
  16  1:27  Overlord  
  16  1:38  Drone  
  17  2:08  Drone  
  17  2:09  Drone  
  19  2:18  Queen  
  21  2:25  Hatchery, Drone  
  21  2:46  Zergling x2  
  22  2:55  Drone  
  23  3:20  Drone  
  24  3:31  Roach Warren  
  24  3:38  Zergling x2  
  24  4:08  Overlord x2  
  24  4:10  Overlord  
  24  4:11  Zergling x4  
  26  4:22  Metabolic Boost  
  26  4:28  Extractor  
  25  4:34  Zergling x2  
  26  4:49  Drone  
  27  4:55  Drone x3  
  27  4:57  Queen  
  32  5:03  Drone  
  32  5:07  Lair  
  33  5:32  Roach x2  
  37  5:40  Drone  
  37  5:47  Drone x2  
  37  5:48  Drone  
  41  6:37  Spine Crawler  
  40  6:41  Drone  
  40  6:42  Drone x3  
  40  6:43  Drone  
  40  6:47  Drone  
  40  6:48  Zergling x2  
  40  6:49  Zergling x4  
  49  6:50  Roach  
  49  6:53  Overlord  
  51  7:02  Drone  
  51  7:08  Glial Reconstitution  
  52  7:21  Overlord x2  
  52  7:52  Drone  
  52  7:53  Drone  
  52  7:56  Drone x2  
  52  7:57  Drone  
  57  8:49  Hatchery  
  56  8:52  Extractor  
  56  8:58  Tunneling Claws  
  55  9:33  Roach x4  
  63  9:41  Zergling x6  
  54  10:17  Roach x2  
  45  10:31  Zergling x2, Roach  
  45  10:32  Roach x2  
  45  10:36  Drone  
Tags
 
Matchup
Co-op
Add a new tag
Caveats
  • Supply blocks, unpowered buildings, or Contaminate may cause inaccurate times.
  • Supply counts are checked every 10 seconds.